 Dungeon Crawl Stone Soup version 0.21-a0-122-g43b3ea6 (webtiles) character file.

506 grindst0ne the Charmwright (level 7, 0/48 HPs)
             Began as a Halfling Skald on July 13, 2017.
             Slain by Dowan
             ... wielding a +2 dagger of flaming
              (2 damage)
             ... on level 4 of the Dungeon.
             The game lasted 00:14:45 (4242 turns).

grindst0ne the Charmwright (Halfling Skald)         Turns: 4242, Time: 00:14:46

Health: 0/48       AC:  9    Str: 14    XL:     7   Next: 41%
Magic:  9/9        EV:  9    Int: 11    God:
Gold:   176        SH:  0    Dex: 14    Spells: 0/9 levels left

rFire    . . .     SeeInvis .   a - +0 hand axe
rCold    . . .     Gourm    .   (shield restricted)
rNeg     . . .     Faith    .   m - +0 chain mail
rPois    .         Spirit   .   (no helmet)
rElec    .         Reflect  .   f - +0 cloak
rCorr    .         Harm     .   (no gloves)
MR       .....                  (no boots)
Stlth    ..........             h - amulet of magic regeneration
HPRegen  0.16/turn              (no ring)
MPRegen  0.36/turn              (no ring)

@: infused, very slightly contaminated
A: mutation resistance 1
a: no special abilities


You were on level 4 of the Dungeon.
You were not hungry.

You visited 1 branch of the dungeon, and saw 4 of its levels.

You collected 176 gold pieces.

Inventory:

Hand Weapons
 a - a +0 hand axe (weapon)
Missiles
 e - 144 stones (quivered)
Armour
 b - a +0 leather armour
 f - a +0 cloak (worn)
 m - a +0 chain mail (worn)
Jewellery
 h - an amulet of magic regeneration (around neck)
Scrolls
 j - 2 scrolls of identify
 k - 3 scrolls of remove curse
 p - a scroll of enchant weapon
Potions
 i - a potion of flight
Books
 c - a book of Battle

   Spells                             Type                      Level
   a - Infusion                       Charms                       1
   b - Shroud of Golubria             Charms/Translocation         2
   c - Song of Slaying                Charms                       2
   d - Spectral Weapon                Hexes/Charms                 3
   e - Regeneration                   Charms/Necromancy            3
Comestibles
 d - 3 bread rations
 g - 4 royal jellies
 o - 3 fruits


   Skills:
 + Level 4.2 Fighting
 - Level 2.0 Axes
 - Level 1.1 Armour
 - Level 2.1 Dodging
 - Level 1.5 Spellcasting
 * Level 7.3 Charms


You couldn't memorise any spells.
You knew the following spells:

 Your Spells              Type           Power        Failure   Level  Hunger
a - Infusion              Chrm           ###.         38%         1    ##.....
b - Spectral Weapon       Hex/Chrm       #.......     99%         3    ####...
c - Regeneration          Chrm/Necr      #.........   99%         3    ####...
z - Shroud of Golubria    Chrm/Tloc      #.........   96%         2    ###....


Dungeon Overview and Level Annotations

Branches:
Dungeon (4/15)
 Temple: D:4-7

Altars:
Gozag

Annotations:
D:1 exclusion: downstairs
D:2 exclusion: downstairs
D:3 exclusion: downstairs
D:4 Dowan, Duvessa


Innate Abilities, Weirdness & Mutations

You are small and have problems with some larger weapons.
You are somewhat resistant to further mutation.


Message History

Duvessa hits you with a short sword. x2
Duvessa zaps a wand.
The puff of flame hits you!
As you read the scroll of fog, it crumbles to dust.
The scroll dissolves into smoke.
Duvessa hits you but does no damage. Dowan barely misses you.
Duvessa zaps a wand.
The puff of flame hits you!
* * * LOW HITPOINT WARNING * * *
Dowan casts a spell at you. The puff of flame hits you!
* * * LOW HITPOINT WARNING * * *
Duvessa zaps a wand.
The puff of flame misses you.
As you read the scroll labeled XULISH OQUOPS, it crumbles to dust.
The creatures around you are filled with an inner flame!
It was a scroll of immolation.
Dowan hits you but does no damage.
Okay, then.
Okay, then.
Duvessa zaps a wand.
The puff of flame hits you!
* * * LOW HITPOINT WARNING * * *
Dowan hits you with a dagger of flaming.
You die...

....#######....########.#####..##
>....................)...........
....#......####.#....##.##.......
#####...........#..........##..##
.#####..........#.###..........##
................§§§........###.#.
.####....v......§§§.....##.###...
.......v!..#..#.ee§....###.(.....
##..#..#......##@^.#.### ###.....
.>.##.....###.....##.# #.....
.......#.......##.##.#######.....
...............#..##.#>..........
..(.....#....#....#....#.........
................#.#(#.....###.##.
###.................####....#.# .
#....#.###.............##.....
#...###.####...........## ...##


You could see Duvessa (inner flame) and Dowan (inner flame).

Vanquished Creatures
  Grinder (D:3)
  A hound (D:4)
  An orc wizard (D:3)
  Natasha (thrice) (D:4)
  A hound skeleton (D:3)
  8 adders
  An ooze (D:2)
  2 worms (D:2)
  A dart slug (D:1)
  2 leopard geckos
  3 orcs (D:3)
  A ball python (D:3)
  5 bats
  4 giant cockroaches
  11 goblins
  5 hobgoblins
  3 jackals (D:1)
  2 quokkas
  2 frilled lizards
  14 kobolds
  3 rats
74 creatures vanquished.

Notes
Turn   | Place    | Note
-------+----------+-------------------------------------------
     0 | D:1      | grindst0ne the Halfling Skald began the quest for the Orb.
     0 | D:1      | Reached XP level 1. HP: 14/14 MP: 3/3
   138 | D:1      | Reached XP level 2. HP: 14/19 MP: 4/4
   350 | D:1      | Learned a level 2 spell: Shroud of Golubria
   380 | D:1      | Reached XP level 3. HP: 25/25 MP: 0/5
   452 | D:1      | Reached skill level 4 in Charms
  1121 | D:2      | Reached XP level 4. HP: 20/30 MP: 3/6
  1577 | D:2      | Found an opulent altar of Gozag.
  1909 | D:2      | Reached skill level 5 in Charms
  1909 | D:2      | Reached XP level 5. HP: 20/36 MP: 0/7
  2226 | D:3      | Noticed Grinder
  2624 | D:3      | Killed Grinder
  2624 | D:3      | Reached skill level 6 in Charms
  2624 | D:3      | Reached XP level 6. HP: 22/43 MP: 2/8
  2842 | D:3      | Reached XP level 7. HP: 47/47 MP: 7/9
  2852 | D:3      | Learned a level 3 spell: Spectral Weapon
  2856 | D:3      | Learned a level 3 spell: Regeneration
  3447 | D:4      | Noticed Dowan
  3448 | D:4      | Noticed Duvessa
  3959 | D:4      | Noticed Natasha
  3969 | D:4      | Killed Natasha
  3969 | D:4      | Reached skill level 7 in Charms
  4036 | D:4      | Noticed Natasha
  4044 | D:4      | Killed Natasha
  4130 | D:4      | Noticed Natasha
  4139 | D:4      | Killed Natasha
  4219 | D:4      | Noticed a spatial vortex
  4219 | D:4      | Noticed a spatial vortex
  4242 | D:4      | HP: 2/48 [Duvessa/wand of flame (?/48) (2)]
  4242 | D:4      | Slain by Dowan

Vault maps used:
D:1:      minmay_arrival_pointy
D:2:      grunt_gozag_breadcrumbs
D:3:      uniq_grinder
D:4:      uniq_crazy_yiuf_cottage, uniq_menkaure, uniq_natasha, uniq_duvessa,
          uniq_blork_the_orc

Skill      XL: |  1  2  3  4  5  6  7 |
---------------+----------------------+-----
Fighting       | 2 3 4 |  4.2
Charms         | 4 5 6 7 |  7.3
Axes           | |  2.0
Armour         | |  1.1
Dodging        | |  2.1
Spellcasting   | |  1.5

Action                   |  1- 3 |  4- 6 |  7- 9 || total
-------------------------+-------+-------+-------++-------
Melee: Hand axe          |   124 |   132 |    59 ||   315
 Cast: Infusion          |    12 |    12 |     4 ||    28
       Shroud of Golubri |     5 |    16 |     2 ||    23
       Spectral Weapon   |       |       |     1 ||     1
  Use: Potion            |       |     5 |       ||     5
       Scroll            |       |     3 |     5 ||     8
 Stab: Sleeping          |     1 |       |       ||     1
  Eat: Chunk             |     1 |     6 |       ||     7
       Bread ration      |       |     1 |     1 ||     2
Armor: Leather armour    |    32 |    27 |     7 ||    66
       Skin              |       |     5 |       ||     5
       Chain mail        |       |       |    16 ||    16
Dodge: Dodged            |   113 |    91 |    55 ||   259
